 Dungeon Crawl Stone Soup version 0.31-a0-165-g3f4f80340b (webtiles) character file.

Game seed: 17668009556126815866

7104 qw the Skirmisher (level 11, -3/103 HPs)
             Began as a Naga Hunter on June 13, 2023.
             Was a Believer of Okawaru.
             Slain by a minotaur
             ... wielding a +6 mace of holy wrath
              (22 damage)
             ... in a Gauntlet.
             The game lasted 00:03:35 (8262 turns).

qw the Skirmisher (Naga Hunter)                     Turns: 8262, Time: 00:03:36

Health: -3/103     AC: 13    Str: 13      XL:     11   Next: 10%
Magic:  13/14      EV: 23    Int:  9 (10) God:    Okawaru [**....]
Gold:   443        SH:  0    Dex: 25      Spells: 10/10 levels left

rFire   . . .        Y - +0 orcbow
rCold   . . .        (shield currently unavailable)
rNeg    . . .        g - +2 robe {Will+}
rPois   +            l - +2 hat
rElec   .            p - +1 cloak {rPois}
rCorr   .            h - +1 pair of gloves
SInv    +            (no barding)
Will    ++...        (no amulet)
Stlth   ++++         e - +6 ring of dexterity
HPRegen 0.37/turn    a - +5 ring of evasion
MPRegen 0.14/turn

%: no teleportation
@: short of breath, heroic, very slow
A: AC +3, large, see invisible, deformed body, poison resistance, slowness 2,
spit poison 1, naga tail 1
a: Spit Poison, Renounce Religion, Heroism


You were in a Gauntlet.
You worshipped Okawaru.
Okawaru was pleased with you.
You visited 3 branches of the dungeon, and saw 11 of its levels.
You also visited: Gauntlet.

You collected 443 gold pieces.


Innate Abilities, Weirdness & Mutations

Your serpentine skin is tough. (AC +3)
You have supernaturally acute eyesight. (SInv)
Armour fits poorly on your strangely shaped body.
Your system is resistant to poisons. (rPois)
You cover ground very slowly.
You can spit poison.
You have a snake-like lower body.


   Skills:
 - Level 8.1(13.1) Fighting
 + Level 12.0(17.0) Ranged Weapons
 - Level 2.2(7.2) Armour
 - Level 5.2(10.2) Dodging
 - Level 1.5(6.5) Stealth
 - Level 4.3 Invocations


You had 10 spell levels left.
You didn't know any spells.
Your spell library was empty.

Inventory:

Hand Weapons
 Y - a +0 orcbow (weapon)
Armour
 g - a +2 robe of willpower (worn)
 h - a +1 pair of gloves (worn)
 l - a +2 hat (worn)
 o - +0 steam dragon scales
 p - a +1 cloak of poison resistance (worn)
Jewellery
 a - a +5 ring of evasion (right hand)
 e - a +6 ring of dexterity (left hand)
Wands
 c - a wand of digging (6)
Scrolls
 j - a scroll of identify
 m - 3 scrolls of teleportation
Potions
 b - a potion of haste
 f - 2 potions of might
 i - a potion of attraction {unknown}
 n - a potion of mutation {unknown}
 q - a potion of cancellation {unknown}

Dungeon Overview and Level Annotations

Branches:
Dungeon (9/15)             Temple (1/1) D:4            Lair (1/5) D:9
Gauntlet (1/1)
    Orc: D:9-12

Altars:
Ashenzari
Cheibriados
Dithmenos
Elyvilon
Fedhas
Gozag
Hepliaklqana
Kikubaaqudgha
Makhleb
Nemelex Xobeh
Okawaru
Qazlal
Ru
Sif Muna
Trog
Uskayaw
Vehumet
Wu Jian
Xom
Yredelemnul
Zin
The Shining One

Annotations:
Gauntlet 8 transporters


Message History

The minotaur is moderately wounded.
You shoot an arrow. The arrow hits the minotaur!!
The minotaur is heavily wounded.
The minotaur looks more healthy.
The minotaur completely misses you.
The minotaur gores you but does no damage.
You shoot an arrow.
The arrow hits the minotaur but does no damage.
The minotaur is heavily wounded.
You have got your breath back.
The minotaur hits you with a +6 mace of holy wrath!
The minotaur gores you but does no damage.
8256 ||| INVOKING Spit Poison.
Aiming: Spit Poison (1% risk of failure)
Press: ? - help, Shift-Dir - straight line, f/p - minotaur The splash of poison hits the minotaur but does no damage.
The minotaur is heavily wounded.
The minotaur hits you with a +6 mace of holy wrath!
The minotaur closely misses you.
You shoot an arrow.
The arrow hits the minotaur but does no damage.
The minotaur is heavily wounded.
You shoot an arrow.
The arrow hits the minotaur but does no damage.
The minotaur is heavily wounded.
The minotaur hits you with a +6 mace of holy wrath!
The minotaur barely misses you.
You shoot an arrow.
The arrow hits the minotaur but does no damage.
The minotaur is heavily wounded.
The minotaur hits you with a +6 mace of holy wrath!!
The minotaur gores you but does no damage.
You shoot an arrow. The arrow barely misses the minotaur.
The minotaur closely misses you. The minotaur gores you.
You shoot an arrow.
The arrow hits the minotaur but does no damage.
The minotaur is heavily wounded.
You shoot an arrow. The arrow hits the minotaur!
The minotaur is severely wounded.
The minotaur hits you with a +6 mace of holy wrath!!
You die...

##+### #.}.. #...} }.. ..\ #.#
#######H####### #......@......#
#.###.###.###.# ...........#
#.###.###.### ###.###.###.###
#.............# #...^.^.^...##
########## #..8.8.8..############
~#~#~#~#~####.......####~#~#¤#¤#~


You could see a minotaur.

Vanquished Creatures
  A two-headed ogre (D:9)
  Pikel (D:7)
  A moth of wrath (Gauntlet)
  An apocalypse crab (Gauntlet)
  Maurice (D:8)
  Maggie (D:6)
  Prince Ribbit (D:6)
  A shadow (D:9)
  Menkaure (D:6)
  4 redbacks (Gauntlet)
  A steam dragon (D:7)
  An acid dragon (D:8)
  A water moccasin (D:6)
  4 orc warriors
  An ice beast (D:8)
  3 black bears
  An ogre (D:6)
  2 centaurs
  3 lemures (D:7)
  2 phantoms (D:6)
  3 bullfrogs
  4 gnoll sergeants
  6 scorpions
  7 wights
  4 killer bees (D:6)
  An electric eel (D:9)
  3 howler monkeys
  3 orc priests
  3 hounds
  2 jellies
  An iguana (D:5)
  11 orc wizards
  23 gnolls
  6 adders
  A worm (D:3)
  3 dart slugs
  31 orcs
  6 endoplasms
  A giant cockroach (D:3)
  9 goblins
  8 hobgoblins
  2 jackals (D:1)
  4 quokkas
  6 ball pythons
  5 bats
  2 frilled lizards
  7 kobolds
  2 rats (D:2)
196 creatures vanquished.

Vanquished Creatures (others)
  An orc wizard (D:7)
1 creature vanquished.

Grand Total: 197 creatures vanquished

Notes
Turn   | Place    | Note
-------+----------+-------------------------------------------
     0 | D:1      | qw the Naga Hunter began the quest for the Orb.
     0 | D:1      | Reached XP level 1. HP: 19/19 MP: 1/1
     0 | D:1      | 0 ||| qw: Version: 0.2-a-29-gc1b59c4
     0 | D:1      | 0 ||| qw: Game counter: 4775
     0 | D:1      | 0 ||| qw: Always use a shield: true
     0 | D:1      | 0 ||| qw: God list: Okawaru
     0 | D:1      | 0 ||| qw: Allow faded altars: false
     0 | D:1      | 0 ||| qw: Do Orc after D:15 true
     0 | D:1      | 0 ||| qw: Do second Lair branch before Depths: true
     0 | D:1      | 0 ||| qw: Lair rune preference: random
     0 | D:1      | 0 ||| qw: Plans: Normal
     0 | D:1      | 0 ||| PLANNING D:1-11
    25 | D:1      | 25 ||| INVOKING Spit Poison.
    40 | D:1      | 40 ||| INVOKING Spit Poison.
   115 | D:1      | 115 ||| INVOKING Spit Poison.
   116 | D:1      | Reached skill level 4 in Ranged Weapons
   116 | D:1      | Reached XP level 2. HP: 26/26 MP: 2/2
   121 | D:1      | 121 ||| INVOKING Spit Poison.
   126 | D:1      | 126 ||| INVOKING Spit Poison.
   173 | D:1      | 173 ||| INVOKING Spit Poison.
   176 | D:1      | 176 ||| INVOKING Spit Poison.
   257 | D:1      | 257 ||| INVOKING Spit Poison.
   261 | D:1      | 261 ||| INVOKING Spit Poison.
   276 | D:1      | 276 ||| INVOKING Spit Poison.
   297 | D:1      | 297 ||| INVOKING Spit Poison.
   298 | D:1      | Reached XP level 3. HP: 32/32 MP: 3/3
   354 | D:1      | 354 ||| INVOKING Spit Poison.
   371 | D:1      | 371 ||| INVOKING Spit Poison.
   595 | D:1      | 595 ||| UPGRADING to +0 cloak.
   600 | D:1      | 600 ||| UPGRADING to +1 pair of gloves.
   605 | D:1      | 605 ||| UPGRADING to +6 ring of dexterity.
   606 | D:1      | 606 ||| READING scroll labelled KICHA GOUSH.
   607 | D:1      | 607 ||| READING scroll labelled TENOD RUUM.
   608 | D:1      | 608 ||| READING scroll labelled XOMEEJ LUIJICI.
   666 | D:1      | 666 ||| READING scroll labelled SYXZOR YTHRINLO.
   671 | D:1      | 671 ||| DROPPING scroll of butterflies.
   736 | D:2      | 736 ||| INVOKING Spit Poison.
   757 | D:2      | 757 ||| INVOKING Spit Poison.
   936 | D:2      | 936 ||| INVOKING Spit Poison.
   941 | D:2      | 941 ||| INVOKING Spit Poison.
  1066 | D:2      | 1066 ||| INVOKING Spit Poison.
  1090 | D:2      | 1090 ||| INVOKING Spit Poison.
  1094 | D:2      | 1094 ||| INVOKING Spit Poison.
  1097 | D:2      | 1097 ||| INVOKING Spit Poison.
  1107 | D:2      | 1107 ||| INVOKING Spit Poison.
  1150 | D:2      | 1150 ||| INVOKING Spit Poison.
  1340 | D:2      | 1340 ||| UPGRADING to +5 ring of evasion.
  1373 | D:3      | Found a glowing golden altar of the Shining One.
  1390 | D:3      | 1390 ||| INVOKING Spit Poison.
  1391 | D:3      | 1391 ||| INVOKING Spit Poison.
  1402 | D:3      | 1402 ||| INVOKING Spit Poison.
  1441 | D:3      | 1441 ||| INVOKING Spit Poison.
  1442 | D:3      | Reached skill level 5 in Ranged Weapons
  1442 | D:3      | Reached XP level 4. HP: 39/39 MP: 4/4
  1483 | D:3      | 1483 ||| INVOKING Spit Poison.
  1487 | D:3      | 1487 ||| INVOKING Spit Poison.
  1493 | D:3      | 1493 ||| INVOKING Spit Poison.
  1496 | D:3      | 1496 ||| INVOKING Spit Poison.
  1522 | D:3      | 1522 ||| INVOKING Spit Poison.
  1527 | D:3      | 1527 ||| INVOKING Spit Poison.
  1620 | D:3      | 1620 ||| INVOKING Spit Poison.
  1658 | D:3      | 1658 ||| INVOKING Spit Poison.
  1661 | D:3      | 1661 ||| INVOKING Spit Poison.
  1664 | D:3      | 1664 ||| INVOKING Spit Poison.
  1721 | D:3      | 1721 ||| FLEEEEING.
  1731 | D:3      | 1731 ||| INVOKING Spit Poison.
  1868 | D:3      | 1868 ||| INVOKING Spit Poison.
  1973 | D:3      | 1973 ||| UPGRADING to +2 hat.
  1978 | D:3      | 1978 ||| UPGRADING to amulet of guardian spirit.
  1983 | D:3      | 1983 ||| READING scroll labelled VALINOI AMURGH.
  1984 | D:3      | 1984 ||| DRINKING 3 bubbling inky potions.
  2091 | D:4      | 2091 ||| INVOKING Spit Poison.
  2103 | D:4      | Noticed a scorpion
  2104 | D:4      | 2104 ||| INVOKING Spit Poison.
  2107 | D:4      | Killed a scorpion
  2108 | D:4      | Reached skill level 3 in Fighting
  2108 | D:4      | Reached XP level 5. HP: 50/50 MP: 5/5
  2109 | D:4      | 2109 ||| INVOKING Spit Poison.
  2129 | D:4      | 2129 ||| INVOKING Spit Poison.
  2166 | D:4      | 2166 ||| INVOKING Spit Poison.
  2173 | D:4      | 2173 ||| INVOKING Spit Poison.
  2197 | D:4      | 2197 ||| INVOKING Spit Poison.
  2230 | D:4      | 2230 ||| INVOKING Spit Poison.
  2238 | D:4      | 2238 ||| INVOKING Spit Poison.
  2317 | D:4      | 2317 ||| INVOKING Spit Poison.
  2319 | D:4      | Reached XP level 6. HP: 57/57 MP: 6/6
  2355 | D:4      | 2355 ||| INVOKING Spit Poison.
  2380 | D:4      | 2380 ||| INVOKING Spit Poison.
  2385 | D:4      | 2385 ||| INVOKING Spit Poison.
  2405 | D:4      | Found a shadowy altar of Dithmenos.
  2440 | D:4      | Found a staircase to the Ecumenical Temple.
  2441 | D:4      | 2441 ||| PLANNING TEMPLE
  2441 | D:4      | 2441 ||| READING scroll labelled TAWUIP FYWAERPH.
  2448 | Temple   | Entered the Ecumenical Temple
  2470 | Temple   | 2470 ||| PLANNING OKAWARU WORSHIP
  2599 | Temple   | Became a worshipper of Warmaster Okawaru
  2599 | Temple   | 2599 ||| PLANNING D:1-11
  2600 | Temple   | 2600 ||| REMOVING amulet of guardian spirit.
  2605 | Temple   | 2605 ||| DROPPING amulet of guardian spirit.
  2642 | D:4      | 2642 ||| INVOKING Spit Poison.
  2691 | D:4      | 2691 ||| INVOKING Spit Poison.
  2723 | D:4      | 2723 ||| INVOKING Spit Poison.
  2726 | D:4      | 2726 ||| INVOKING Spit Poison.
  2727 | D:4      | 2727 ||| Stepping ~*~*~tactically~*~*~ (outnumbered).
  2730 | D:4      | 2730 ||| INVOKING Spit Poison.
  2731 | D:4      | Reached skill level 6 in Ranged Weapons
  2844 | D:5      | Entered Level 5 of the Dungeon
  2848 | D:5      | 2848 ||| INVOKING Spit Poison.
  2855 | D:5      | 2855 ||| INVOKING Spit Poison.
  2858 | D:5      | 2858 ||| INVOKING Spit Poison.
  2864 | D:5      | Found a blossoming altar of Fedhas.
  2899 | D:5      | 2899 ||| INVOKING Spit Poison.
  2902 | D:5      | Reached XP level 7. HP: 64/64 MP: 7/7
  2929 | D:5      | Found a bloodstained altar of Trog.
  2930 | D:5      | 2930 ||| INVOKING Spit Poison.
  2936 | D:5      | 2936 ||| INVOKING Spit Poison.
  2968 | D:5      | 2968 ||| INVOKING Spit Poison.
  2973 | D:5      | 2973 ||| INVOKING Spit Poison.
  2977 | D:5      | 2977 ||| INVOKING Spit Poison.
  2981 | D:5      | 2981 ||| INVOKING Spit Poison.
  2988 | D:5      | 2988 ||| INVOKING Spit Poison.
  2992 | D:5      | 2992 ||| INVOKING Spit Poison.
  3079 | D:5      | 3079 ||| INVOKING Spit Poison.
  3085 | D:5      | 3085 ||| INVOKING Spit Poison.
  3088 | D:5      | 3088 ||| INVOKING Spit Poison.
  3091 | D:5      | 3091 ||| INVOKING Spit Poison.
  3094 | D:5      | 3094 ||| INVOKING Spit Poison.
  3094 | D:5      | Reached * piety under Okawaru
  3095 | D:5      | Reached skill level 7 in Ranged Weapons
  3095 | D:5      | 3095 ||| INVOKING Heroism.
  3101 | D:5      | Reached skill level 1 in Armour
  3101 | D:5      | 3101 ||| INVOKING Spit Poison.
  3212 | D:5      | 3212 ||| INVOKING Spit Poison.
  3249 | D:5      | 3249 ||| INVOKING Spit Poison.
  3270 | D:5      | Found a broken altar of Ashenzari.
  3315 | D:5      | 3315 ||| INVOKING Heroism.
  3317 | D:5      | 3317 ||| INVOKING Spit Poison.
  3322 | D:5      | 3322 ||| INVOKING Spit Poison.
  3323 | D:5      | Reached skill level 1 in Invocations
  3326 | D:5      | 3326 ||| INVOKING Spit Poison.
  3327 | D:5      | Reached XP level 8. HP: 72/72 MP: 6/9
  3463 | D:5      | 3463 ||| READING scroll labelled YJIPUY KUQE.
  3464 | D:5      | 3464 ||| DRINKING 2 metallic golden potions.
  3477 | D:6      | Noticed Prince Ribbit
  3478 | D:6      | 3478 ||| INVOKING Heroism.
  3479 | D:6      | 3479 ||| INVOKING Spit Poison.
  3483 | D:6      | 3483 ||| INVOKING Spit Poison.
  3485 | D:6      | Killed Prince Ribbit
  3486 | D:6      | Reached skill level 3 in Invocations
  3523 | D:6      | Noticed Menkaure
  3524 | D:6      | 3524 ||| INVOKING Heroism.
  3531 | D:6      | Reached skill level 8 in Ranged Weapons
  3539 | D:6      | Killed Menkaure
  3715 | D:6      | 3715 ||| INVOKING Heroism.
  3716 | D:6      | 3716 ||| INVOKING Spit Poison.
  3719 | D:6      | Reached skill level 3 in Dodging
  3741 | D:6      | Found a snail-covered altar of Cheibriados.
  3771 | D:6      | Noticed Maggie
  3774 | D:6      | 3774 ||| INVOKING Spit Poison.
  3779 | D:6      | 3779 ||| INVOKING Spit Poison.
  3784 | D:6      | 3784 ||| INVOKING Spit Poison.
  3790 | D:6      | 3790 ||| INVOKING Spit Poison.
  3791 | D:6      | 3791 ||| INVOKING Heroism.
  3795 | D:6      | 3795 ||| INVOKING Spit Poison.
  3795 | D:6      | Killed Maggie
  3795 | D:6      | Reached ** piety under Okawaru
  3890 | D:6      | 3890 ||| INVOKING Spit Poison.
  3894 | D:6      | Reached XP level 9. HP: 78/82 MP: 12/12
  3909 | D:6      | 3909 ||| INVOKING Spit Poison.
  4115 | D:6      | 4115 ||| INVOKING Heroism.
  4121 | D:6      | 4121 ||| INVOKING Spit Poison.
  4167 | D:6      | Reached skill level 9 in Ranged Weapons
  4180 | D:6      | 4180 ||| Stepping ~*~*~tactically~*~*~ (outnumbered).
  4188 | D:6      | Reached skill level 6 in Fighting
  4201 | D:6      | 4201 ||| Stepping ~*~*~tactically~*~*~ (outnumbered).
  4203 | D:6      | 4203 ||| Stepping ~*~*~tactically~*~*~ (outnumbered).
  4205 | D:6      | 4205 ||| Stepping ~*~*~tactically~*~*~ (outnumbered).
  4207 | D:6      | 4207 ||| Stepping ~*~*~tactically~*~*~ (outnumbered).
  4214 | D:6      | 4214 ||| Stepping ~*~*~tactically~*~*~ (outnumbered).
  4216 | D:6      | 4216 ||| Stepping ~*~*~tactically~*~*~ (outnumbered).
  4217 | D:6      | 4217 ||| INVOKING Spit Poison.
  4218 | D:6      | 4218 ||| Stepping ~*~*~tactically~*~*~ (outnumbered).
  4224 | D:6      | 4224 ||| INVOKING Spit Poison.
  4230 | D:6      | 4230 ||| INVOKING Spit Poison.
  4232 | D:6      | 4232 ||| INVOKING Heroism.
  4239 | D:6      | 4239 ||| INVOKING Spit Poison.
  4415 | D:6      | 4415 ||| INVOKING Spit Poison.
  4417 | D:6      | 4417 ||| Stepping ~*~*~tactically~*~*~ (outnumbered).
  4420 | D:6      | 4420 ||| INVOKING Spit Poison.
  4428 | D:6      | 4428 ||| INVOKING Spit Poison.
  4435 | D:6      | 4435 ||| INVOKING Spit Poison.
  4438 | D:6      | 4438 ||| INVOKING Spit Poison.
  4444 | D:6      | 4444 ||| INVOKING Spit Poison.
  4445 | D:6      | 4445 ||| INVOKING Heroism.
  4676 | D:6      | 4676 ||| INVOKING Heroism.
  4753 | D:6      | 4753 ||| INVOKING Spit Poison.
  4757 | D:6      | 4757 ||| INVOKING Spit Poison.
  4808 | D:6      | 4808 ||| UPGRADING to +0 swamp dragon scales.
  4818 | D:6      | 4818 ||| DROPPING +0 leather armour.
  4819 | D:6      | 4819 ||| READING scroll labelled PUNOOR TEODEG.
  4820 | D:6      | 4820 ||| READING 2 scrolls of identify.
  4820 | D:6      | 4820 ||| IDENTIFYING clear potion
  4841 | D:7      | 4841 ||| DRINKING potion of curing.
  4841 | D:7      | 4841 ||| (to cure confusion)
  4842 | D:7      | 4842 ||| INVOKING Spit Poison.
  4843 | D:7      | 4843 ||| Stepping ~*~*~tactically~*~*~ (outnumbered).
  4845 | D:7      | 4845 ||| INVOKING Spit Poison.
  4847 | D:7      | 4847 ||| Stepping ~*~*~tactically~*~*~ (outnumbered).
  4848 | D:7      | 4848 ||| INVOKING Spit Poison.
  4857 | D:7      | 4857 ||| INVOKING Heroism.
  4859 | D:7      | 4859 ||| INVOKING Spit Poison.
  4864 | D:7      | 4864 ||| INVOKING Spit Poison.
  4869 | D:7      | 4869 ||| INVOKING Spit Poison.
  4873 | D:7      | 4873 ||| INVOKING Spit Poison.
  4874 | D:7      | 4874 ||| INVOKING Heroism.
  4878 | D:7      | 4878 ||| INVOKING Spit Poison.
  4904 | D:7      | 4904 ||| INVOKING Heroism.
  4905 | D:7      | 4905 ||| INVOKING Spit Poison.
  4987 | D:7      | 4987 ||| INVOKING Spit Poison.
  4989 | D:7      | Noticed Pikel
  4990 | D:7      | 4990 ||| INVOKING Heroism.
  4991 | D:7      | 4991 ||| INVOKING Spit Poison.
  4995 | D:7      | 4995 ||| INVOKING Spit Poison.
  4996 | D:7      | 4996 ||| INVOKING Spit Poison.
  5000 | D:7      | 5000 ||| INVOKING Spit Poison.
  5005 | D:7      | 5005 ||| INVOKING Spit Poison.
  5006 | D:7      | 5006 ||| INVOKING Spit Poison.
  5011 | D:7      | 5011 ||| INVOKING Spit Poison.
  5014 | D:7      | Killed Pikel
  5015 | D:7      | Reached skill level 10 in Ranged Weapons
  5015 | D:7      | Reached XP level 10. HP: 91/91 MP: 13/13
  5070 | D:7      | 5070 ||| FLEEEEING.
  5074 | D:7      | 5074 ||| STAIRDANCE
  5095 | D:7      | 5095 ||| INVOKING Spit Poison.
  5099 | D:7      | 5099 ||| INVOKING Spit Poison.
  5104 | D:7      | 5104 ||| INVOKING Spit Poison.
  5111 | D:7      | 5111 ||| INVOKING Spit Poison.
  5123 | D:7      | 5123 ||| INVOKING Spit Poison.
  5143 | D:7      | 5143 ||| SWAPPING to +0 orcbow.
  5144 | D:7      | 5144 ||| DROPPING +0 shortbow.
  5461 | D:7      | 5461 ||| DROPPING +6 ring of intelligence.
  5462 | D:7      | 5462 ||| DROPPING ring of resist corrosion.
  5468 | D:8      | 5468 ||| INVOKING Heroism.
  5469 | D:8      | 5469 ||| INVOKING Spit Poison.
  5478 | D:8      | 5478 ||| INVOKING Spit Poison.
  5484 | D:8      | 5484 ||| INVOKING Spit Poison.
  5489 | D:8      | 5489 ||| INVOKING Spit Poison.
  5493 | D:8      | 5493 ||| INVOKING Spit Poison.
  5495 | D:8      | 5495 ||| STAIRDANCE
  5497 | D:7      | 5497 ||| INVOKING Heroism.
  5498 | D:7      | 5498 ||| INVOKING Spit Poison.
  5502 | D:7      | 5502 ||| Stepping ~*~*~tactically~*~*~ (cloud).
  5677 | D:7      | 5677 ||| UPGRADING to +0 steam dragon scales.
  5687 | D:7      | 5687 ||| DROPPING +0 swamp dragon scales.
  5691 | D:8      | 5691 ||| INVOKING Heroism.
  5692 | D:8      | 5692 ||| INVOKING Spit Poison.
  5696 | D:8      | 5696 ||| INVOKING Spit Poison.
  5790 | D:8      | Found a flagged portal.
  5815 | D:8      | Found a hide-covered altar of Uskayaw.
  5978 | D:8      | Found an ancient bone altar of Kikubaaqudgha.
  6070 | D:8      | Noticed Maurice
  6071 | D:8      | 6071 ||| INVOKING Spit Poison.
  6079 | D:8      | 6079 ||| INVOKING Spit Poison.
  6082 | D:8      | Killed Maurice
  6083 | D:8      | Reached skill level 11 in Ranged Weapons
  6498 | D:8      | 6498 ||| UPGRADING to +1 cloak of poison resistance.
  6508 | D:8      | 6508 ||| DROPPING +0 cloak.
  6509 | D:8      | 6509 ||| READING scroll labelled OTYBBY VESS.
  6510 | D:8      | 6510 ||| DRINKING 2 bubbling orange potions.
  6511 | D:8      | 6511 ||| DROPPING potion of degeneration.
  6572 | D:9      | Noticed a two-headed ogre
  6573 | D:9      | 6573 ||| INVOKING Heroism.
  6576 | D:9      | 6576 ||| INVOKING Spit Poison.
  6583 | D:9      | Killed a two-headed ogre
  6841 | D:9      | 6841 ||| INVOKING Spit Poison.
  6842 | D:9      | 6842 ||| Stepping ~*~*~tactically~*~*~ (outnumbered).
  6845 | D:9      | 6845 ||| INVOKING Spit Poison.
  6852 | D:9      | 6852 ||| INVOKING Spit Poison.
  6857 | D:9      | 6857 ||| INVOKING Spit Poison.
  6896 | D:9      | 6896 ||| INVOKING Heroism.
  6897 | D:9      | 6897 ||| INVOKING Spit Poison.
  6904 | D:9      | 6904 ||| INVOKING Spit Poison.
  6914 | D:9      | 6914 ||| INVOKING Spit Poison.
  6915 | D:9      | Reached *** piety under Okawaru
  6923 | D:9      | 6923 ||| INVOKING Spit Poison.
  6988 | D:9      | Found a white marble altar of Elyvilon.
  7053 | D:9      | 7053 ||| INVOKING Spit Poison.
  7093 | D:9      | 7093 ||| INVOKING Heroism.
  7094 | D:9      | 7094 ||| INVOKING Spit Poison.
  7120 | D:9      | 7120 ||| INVOKING Spit Poison.
  7224 | D:9      | Found a staircase to the Lair.
  7330 | D:9      | 7330 ||| INVOKING Heroism.
  7333 | D:9      | 7333 ||| INVOKING Spit Poison.
  7339 | D:9      | 7339 ||| INVOKING Spit Poison.
  7470 | D:9      | 7470 ||| PLANNING LAIR
  7470 | D:9      | 7470 ||| UPGRADING to +2 robe of willpower.
  7511 | Lair:1   | Entered Level 1 of the Lair of Beasts
  7511 | Lair:1   | Found a gate leading to a gauntlet.
  7512 | Lair:1   | 7512 ||| PLANNING GAUNTLET
  7520 | Gauntlet | Entered a Gauntlet
  7520 | Gauntlet | Found a transporter.
  7523 | Gauntlet | Noticed a death yak
  7526 | Gauntlet | Noticed an apocalypse crab
  7526 | Gauntlet | Noticed a death yak
  7527 | Gauntlet | Noticed a torpor snail
  7528 | Gauntlet | Found a runed translucent door.
  7529 | Gauntlet | Found a transporter.
  7530 | Gauntlet | Found a runed translucent door.
  7532 | Gauntlet | Found a transporter.
  7536 | Gauntlet | Found a transporter.
  7537 | Gauntlet | Noticed a death yak
  7539 | Gauntlet | Noticed a molten gargoyle
  7542 | Gauntlet | Noticed a molten gargoyle
  7543 | Gauntlet | Found a transporter.
  7543 | Gauntlet | Found a transporter.
  7543 | Gauntlet | Noticed a catoblepas
  7545 | Gauntlet | Found a transporter.
  7546 | Gauntlet | Found a transporter.
  7546 | Gauntlet | Noticed a moth of wrath
  7554 | Gauntlet | Noticed a gargoyle
  7566 | Gauntlet | Found a transporter.
  7571 | Gauntlet | Found a transporter.
  7575 | Gauntlet | Found a transporter.
  7576 | Gauntlet | Noticed an orange crystal statue
  7583 | Gauntlet | Found a transporter.
  7699 | Gauntlet | 7699 ||| INVOKING Spit Poison.
  7705 | Gauntlet | 7705 ||| INVOKING Spit Poison.
  7706 | Gauntlet | 7706 ||| INVOKING Heroism.
  7709 | Gauntlet | 7709 ||| DRINKING potion of curing.
  7709 | Gauntlet | 7709 ||| (to cure confusion)
  7710 | Gauntlet | 7710 ||| INVOKING Spit Poison.
  7716 | Gauntlet | Killed an apocalypse crab
  7920 | Gauntlet | 7920 ||| DROPPING ring of wizardry.
  7927 | Gauntlet | 7927 ||| INVOKING Spit Poison.
  7933 | Gauntlet | 7933 ||| INVOKING Heroism.
  7934 | Gauntlet | 7934 ||| INVOKING Spit Poison.
  7942 | Gauntlet | 7942 ||| INVOKING Spit Poison.
  7946 | Gauntlet | Killed a moth of wrath
  7947 | Gauntlet | Reached XP level 11. HP: 85/103 MP: 12/14
  7949 | Gauntlet | 7949 ||| INVOKING Spit Poison.
  7957 | Gauntlet | 7957 ||| INVOKING Spit Poison.
  7962 | Gauntlet | 7962 ||| INVOKING Heroism.
  7963 | Gauntlet | 7963 ||| INVOKING Spit Poison.
  7966 | Gauntlet | Reached skill level 12 in Ranged Weapons
  7969 | Gauntlet | HP: 25/103 [poisoned by a redback]
  7974 | Gauntlet | HP: 17/103 [poisoned by a redback]
  8226 | Gauntlet | 8226 ||| DROPPING ring of ice.
  8244 | Gauntlet | Noticed a minotaur
  8245 | Gauntlet | 8245 ||| INVOKING Heroism.
  8246 | Gauntlet | 8246 ||| INVOKING Spit Poison.
  8256 | Gauntlet | 8256 ||| INVOKING Spit Poison.
  8259 | Gauntlet | HP: 22/103 [minotaur/+6 mace of holy wrath (25)]
  8262 | Gauntlet | Slain by a minotaur

Levels and vault maps discovered:
D:1:      matt_arrival_diagonals, layout_basic, wad_floor_pattern_untrapped,
          minmay_crystal_water, serial_bayou_pond_a
D:2:      layout_loops_cross
D:3:      layout_loops_ring, mainiacjoe_overflow_cross_hatched,
          grunt_ministairs_6
D:4:      layout_loops_ring, general_overflow_altar,
          minmay_temple_entry_metal_lava, st_stairs_12, palyth_stone_intersect
D:5:      layout_rooms, nicolae_overflow_crystal_walls, fedhas_altar_2,
          nicolae_ashenzari_skybound
D:6:      layout_loops_ring, marbit_many_paths, uniq_maggie, uniq_menkaure,
          uniq_prince_ribbit1
D:7:      layout_rooms, chequers_serial_rivers_marsh, uniq_pikel
D:8:      layout_cave_pods, mainiacjoe_overflow_paths,
          eat_drink_and_be_merry_uskayaw, enter_bailey_2, nicolae_eternal_life,
          serial_bayou_pond_a, uniq_maurice
D:9:      layout_cave_pods, mainiacjoe_overflow_alcove_2, lair_entry_dummy,
          minivault_16, fountainhead, minmay_misc_feat_rows
Temple:   hellmonk_temple_forest_ring
Lair:1:   layout_cave_pods, gauntlet_entry_generic
Gauntlet: minmay_gauntlet_mixed_oops_all_seconds
          [minmay_gauntlet_arena_77_chump_sandwich, nicolae_gauntlet_swirl,
          minmay_gauntlet_arena_77_cramped, nicolae_gauntlet_arena_quarters,
          minmay_gauntlet_arena_77_radiant_squares,
          gammafunk_gauntlet_arena_crates, gauntlet_exit_hidden_loot]

Skill      XL: |  1  2  3  4  5  6  7  8  9 10 11 |
---------------+----------------------------------+-----
Ranged Weapons | 4 5 6 7 8 10 11 12 | 12.0
Fighting       | 3 4 5 6 8 |  8.1
Dodging        | 2 3 4 5 |  5.2
Armour         | 1 2 |  2.2
Invocations    | 2 4 |  4.3
Stealth        | |  1.5

Action                     |  1- 3 |  4- 6 |  7- 9 | 10-12 || total
---------------------------+-------+-------+-------+-------++-------
   Fire: Shortbow          |    67 |    75 |   297 |    22 ||   461
         Orcbow            |       |       |       |   194 ||   194
 Invoke: Heroism           |       |       |    14 |    11 ||    25
Ability: Spit Poison       |    26 |    34 |    57 |    40 ||   157
    Use: Scroll            |     4 |     2 |     3 |     1 ||    10
         Potion            |       |     1 |     2 |     2 ||     5
 Armour: Leather armour    |    12 |     7 |    35 |       ||    54
         Swamp dragon scal |       |       |    12 |    18 ||    30
         Steam dragon scal |       |       |       |     5 ||     5
         Robe              |       |       |       |     7 ||     7
  Dodge: Dodged            |    12 |    19 |   175 |   122 ||   328

Table legend:
 A = Non-vault XP
 B = Vault XP
 C = Vault XP percentage of total XP
 D = Non-vault monster count
 E = Vault monster count
 F = Vault count percentage of total count
                 A         B        C        D         E       F
            +---------+---------+-------+---------+---------+-------
      Total |    6486 |    3663 |  36.1 |     179 |      14 |   7.3
            +---------+---------+-------+---------+---------+-------
        D:1 |      40 |       0 |   0.0 |      23 |       0 |   0.0
        D:2 |      30 |       0 |   0.0 |      12 |       0 |   0.0
        D:3 |      49 |       3 |   5.8 |      16 |       1 |   5.9
        D:4 |     297 |      83 |  21.8 |      19 |       1 |   5.0
        D:5 |     726 |       0 |   0.0 |      19 |       0 |   0.0
        D:6 |    1755 |     848 |  32.6 |      29 |       4 |  12.1
        D:7 |    1110 |     629 |  36.2 |      17 |       1 |   5.6
        D:8 |     616 |     445 |  41.9 |      17 |       1 |   5.6
        D:9 |    1863 |       0 |   0.0 |      27 |       0 |   0.0
   Gauntlet |       0 |    1655 | 100.0 |       0 |       6 | 100.0
            +---------+---------+-------+---------+---------+-------
